 Dungeon Crawl Stone Soup version 0.28.0-43-g3370ac3207 (webtiles) character file.

Game seed: 17465615854612346509

5 MisterFreud the Cutter (level 1, -7/23 HPs)
             Began as a Gnoll Cinder Acolyte on Mar 5, 2022.
             Was a High Priest of Ignis.
             Mangled by a gnoll
             ... wielding a +0 flail
              (12 damage)
             ... on level 1 of the Dungeon.
             The game lasted 00:00:32 (304 turns).

MisterFreud the Cutter (Gnoll Cinder Acolyte)        Turns: 304, Time: 00:00:33

Health: -7/23      AC:  2    Str: 13    XL:     1   Next: 80%
Magic:  4/4        EV: 11    Int: 13    God:    Ignis [*****.]
Gold:   9          SH:  0    Dex:  7    Spells: 5/5 levels left

rFire   + . .      SeeInvis .   a - -1 short sword (flame)
rCold   . . .      Faith    .   (no shield)
rNeg    . . .      Spirit   .   b - +0 robe
rPois   .          Reflect  .   (no helmet)
rElec   .          Harm     .   (no cloak)
rCorr   .          Rampage  .   (no gloves)
Will    .....                   (no boots)
Stlth   +.........              (no amulet)
HPRegen 0.07/turn               (no ring)
MPRegen 0.09/turn               (no ring)

@: no status effects
A: fangs 1, strong nose, distributed training
a: Renounce Religion, Fiery Armour, Foxfire Swarm, Rising Flame


You were on level 1 of the Dungeon.
You worshipped Ignis.
Ignis was extremely pleased with you.
You visited 1 branch of the dungeon, and saw 1 of its levels.

You collected 9 gold pieces.

Inventory:

Hand Weapons
 a - a -1 short sword of flaming (weapon)
Armour
 b - a +0 robe (worn)
Scrolls
 c - a scroll of amnesia {unknown}


   Skills:
 + Level 6.4 Fighting
 + Level 6.4 Short Blades
 + Level 0.1 Long Blades
 + Level 0.1 Axes
 + Level 0.1 Maces & Flails
 + Level 0.1 Polearms
 + Level 0.1 Staves
 + Level 0.1 Slings
 + Level 0.1 Bows
 + Level 0.1 Crossbows
 + Level 0.1 Throwing
 + Level 0.1 Armour
 + Level 0.1 Dodging
 + Level 0.1 Stealth
 + Level 0.1 Shields
 + Level 0.1 Unarmed Combat
 + Level 2.6 Spellcasting
 + Level 0.1 Conjurations
 + Level 0.1 Hexes
 + Level 0.1 Summonings
 + Level 0.1 Necromancy
 + Level 0.1 Translocations
 + Level 0.1 Transmutations
 + Level 5.3 Fire Magic
 + Level 0.1 Ice Magic
 + Level 0.1 Air Magic
 + Level 0.1 Earth Magic
 + Level 0.1 Poison Magic
 + Level 0.2 Invocations
 + Level 0.1 Evocations


You had 5 spell levels left.
You didn't know any spells.
Your spell library contained the following spells:

 Spells                   Type           Power      Damage    Failure   Level
 Scorch                   Fire           30%        2d6       4%          2


Dungeon Overview and Level Annotations

Branches:
Dungeon (1/15)

Altars:


Innate Abilities, Weirdness & Mutations

You have very sharp teeth.
Your uncanny sense of smell can sniff out nearby items.
Your experience applies equally to all skills.


Message History

A bat comes into view.
A bat is nearby!
The bat hits you.
You barely miss the bat. The bat hits you but does no damage.
You hit the bat. You burn the bat.
You kill the bat!
You see here a bat corpse.
Found a stone staircase leading down.
No target in view!
An endoplasm and a gnoll come into view.
Found 15 stones.
The gnoll shouts!
The gnoll moves out of view.
The endoplasm quivers.
There are monsters nearby!
There are monsters nearby!
You closely miss the gnoll. The gnoll misses you.
You barely miss the gnoll. The gnoll hits you with a +0 flail!
A goblin comes into view. It is wielding a +0 dagger.
You hit the gnoll but do no damage. You hit the gnoll. You burn the gnoll.
Your bite misses the gnoll.
The gnoll is lightly wounded.
The gnoll closely misses you.
You don't know any spells.
Okay, then.
You barely miss the gnoll.
The gnoll is lightly wounded.
The gnoll hits you with a +0 flail.
You hit the gnoll but do no damage. You bite the gnoll.
The gnoll is moderately wounded.
The gnoll hits you with a +0 flail!
* * * LOW HITPOINT WARNING * * *
Found a dented copper amulet.
There is a stone staircase leading down here.
You see here 15 stones.
A hobgoblin comes into view.
The hobgoblin shouts!
You hear an angry hiss.
The gnoll hits you with a +0 flail!
Ouch! That really hurt!
You die...

##.###.#####
##.#.## ####.### ∆
∆ ∆.# .......# #.#
####.#.# #.# #.#.#
#.# ####.#.# #. #.#
......# #.#######
#.# # .....#
#...@gg.####.##.##
....).#
#.#####.J.g......#
####.#. #.
######.##..# # ∆
##.##### #.# ####.#
# #......# #J#
.....# #.
#...##.######g#
......
#.###..(.....gJ...#
####.#
#......>...########
##..........## ∆


You could see a gnoll, an endoplasm, a hobgoblin and a goblin.

Vanquished Creatures
  A ball python (D:1)
  An endoplasm (D:1)
  A bat (D:1)
  A frilled lizard (D:1)
  2 rats (D:1)
6 creatures vanquished.

Notes
Turn   | Place    | Note
-------+----------+-------------------------------------------
     0 | D:1      | MisterFreud the Gnoll Cinder Acolyte began the quest for
                  | the Orb.
     0 | D:1      | Reached XP level 1. HP: 23/23 MP: 4/4
   304 | D:1      | Mangled by a gnoll

Illustrated notes

Levels and vault maps discovered:
D:1:      amcnicky_arrival_flooded_fountain, layout_loops_ring,
          nicolae_ecumenical_lake_church

Action                   || total
-------------------------++-------
Melee: Short sword       ||    25
       Bite              ||     2
Armor: Robe              ||     2
Dodge: Dodged            ||     9
